 Dungeon Crawl Stone Soup version 0.32-a0-136-gc02482bde3 (webtiles) character file.

Game seed: 193102883237595729

940 cforsyth the Trooper (level 8, 0/62 HPs)
             Began as a Djinni Hexslinger on Feb 10, 2024.
             Was a Believer of Dithmenos.
             Slain by an iguana (11 damage)
             ... on level 5 of the Dungeon.
             The game lasted 00:05:33 (3417 turns).

cforsyth the Trooper (Djinni Hexslinger)            Turns: 3417, Time: 00:05:34

Health: 0/62       AC:  2    Str:  7    XL:     8   Next: 34%
Gold:   144        EV: 12    Int: 16    God:    Dithmenos [**....] SH:  5 Dex: 17

rFire   + + .        a - +1 sling
rCold   x . .        (no shield)
rNeg    . . .        c - +0 robe
rPois   ∞            (no helmet)
rElec   .            (no cloak)
rCorr   .            (no gloves)
SInv    .            (boots unavailable)
Will    +....        e - amulet of reflection
Stlth   ++           W - ring of willpower
HPRegen 0.30/turn    (no ring)
MPRegen 0.00/turn

%: reflection, infuse magic (-1 HP)
@: flying, wreathed by umbra
A: sickness immunity, fire resistance 2, cold vulnerability 1, float, innate
caster, HP casting, extra vitality 1
a: Renounce Religion, Shadow Step


You were on level 5 of the Dungeon.
You worshipped Dithmenos.
Dithmenos was pleased with you.
You visited 1 branch of the dungeon, and saw 5 of its levels.

You collected 144 gold pieces.


Innate Abilities, Weirdness & Mutations

You are immune to sickness and miasma.
You are immune to poison.
Your flesh is very heat resistant. (rF++)
You are vulnerable to cold. (rC-)
You float through the air rather than walking.
You learn spells naturally, not from books.
Your magical power is your life essence.
You have superior vitality. (+4 MHP)


   Skills:
 + Level 6.5 Fighting
 - Level 1.5 Ranged Weapons
 - Level 2.1 Dodging
 + Level 5.5 Spellcasting
 + Level 5.5 Conjurations
 + Level 5.5 Hexes
 + Level 5.5 Summonings
 + Level 5.5 Necromancy
 + Level 5.5 Translocations
 + Level 5.5 Fire Magic
 + Level 5.5 Ice Magic
 + Level 5.5 Air Magic
 + Level 5.5 Earth Magic
 + Level 5.5 Alchemy


You knew the following spells:

 Your Spells              Type           Power      Damage    Failure   Level
c - Cause Fear            Hex            11%        N/A       14%         4
d - Dazzling Flash        Conj/Hex       44%        N/A       4%          3
f - Inner Flame           Hex/Fire       22%        N/A       4%          3
t - Static Discharge      Conj/Air       44%        3-5/arc   2%          2
z - Shock                 Conj/Air       88%        1d8       1%          1
X - Jinxbite              Hex            44%        N/A       2%          2
Y - Sigil of Binding      Hex            22%        N/A       4%          3
Z - Dimensional Bullseye  Hex/Tloc       11%        N/A       14%         4
Your spell library was empty.

Inventory:

Hand Weapons
 a - a +1 sling (weapon)
Armour
 c - a +0 robe (worn)
Jewellery
 e - an amulet of reflection (around neck)
 W - a ring of willpower (left hand)
Scrolls
 b - 2 scrolls of poison
 j - a scroll of immolation
Potions
 f - a potion of invisibility {unknown}
 g - a potion of degeneration {unknown}
 h - 3 potions of might
 i - 3 potions of enlightenment
 k - a potion of curing {unknown}
 l - a potion of ambrosia {unknown}
 n - 4 potions of heal wounds {@q2}
 o - a potion of attraction
 p - a potion of mutation {unknown}
 q - a potion of magic {unknown}

Dungeon Overview and Level Annotations

Branches:
Dungeon (5/15)
 Temple: D:4-7

Altars:
Cheibriados
Dithmenos
Elyvilon
Gozag
Makhleb
Qazlal
Ru
Trog
Yredelemnul
The Shining One

Shops:
D:3 [ D:4

( ...........#
............#
............#
............# .. #
............#... #
............##.#########
............##..Y.......
....§§§.$.......######..
......§@........# #..
....§§l.........# #..
.....○..........# #..
...#.#######.#########..
## #....................
. .....##.#########.. .
. .... #.# ##...#.. #..
.. .$. .... #....... ..
.. #.... #.....##


You could see an iguana (inner flame).


Message History

The iguana is filled with an inner flame.
* * * LOW HITPOINT WARNING * * *
Casting: Inner Flame (dangerous; 4% risk of failure)
Confirm with . or Enter, or press ? or * to list all spells.
Aiming: Shock (safe; 1% risk of failure)
Press: ? - help, Shift-Dir - straight line, f/p - iguana
Aim: an iguana (inner flame, 77% to hit)
The zap misses the iguana.
* * * LOW HITPOINT WARNING * * *
Casting: Shock (safe; 1% risk of failure)
Confirm with . or Enter, or press ? or * to list all spells.
Aiming: Shock (safe; 1% risk of failure)
Press: ? - help, Shift-Dir - straight line, f/p - iguana
Aim: an iguana (inner flame, umbra, 77% to hit)
The zap hits the iguana.
Flame seeps out of the iguana.
The iguana is lightly wounded.
* * * LOW HITPOINT WARNING * * *
The iguana is engulfed in blazing flames.
Flame seeps out of the iguana.
Unknown command.
Casting: Shock (safe; 1% risk of failure)
Confirm with . or Enter, or press ? or * to list all spells.
Aiming: Shock (safe; 1% risk of failure)
Press: ? - help, Shift-Dir - straight line, f/p - iguana
Aim: an iguana (severely wounded, inner flame, umbra, 77% to hit)
The zap misses the iguana.
* * * LOW HITPOINT WARNING * * *
You hear the slow rusting of a very distant drain.
The iguana bites you!
You die...

Skill      XL: |  1  2  3  4  5  6  7  8 |
---------------+-------------------------+-----
Spellcasting   | 3 4 5 |  5.5
Conjurations   | 3 4 5 |  5.5
Hexes          | 3 4 5 |  5.5
Summonings     | 3 4 5 |  5.5
Necromancy     | 3 4 5 |  5.5
Translocations | 3 4 5 |  5.5
Fire Magic     | 3 4 5 |  5.5
Ice Magic      | 3 4 5 |  5.5
Air Magic      | 3 4 5 |  5.5
Earth Magic    | 3 4 5 |  5.5
Alchemy        | 3 4 5 |  5.5
Fighting       | 2 5 6 |  6.5
Ranged Weapons | |  1.5
Dodging        | |  2.1

Action                     |  1- 3 |  4- 6 |  7- 9 || total
---------------------------+-------+-------+-------++-------
   Fire: Sling             |    41 |       |     8 ||    49
   Cast: Shock             |    32 |    38 |    42 ||   112
         Inner Flame       |       |     3 |    23 ||    26
         Jinxbite          |       |       |     1 ||     1
    Use: Scroll            |       |       |     6 ||     6
 Armour: Robe              |     4 |     2 |    14 ||    20
  Dodge: Dodged            |     3 |       |     8 ||    11
  Block: Other             |       |       |     2 ||     2

Levels and vault maps discovered:
D:1:      elethiomel_arrival_quiet, layout_rooms,
          shapermc_ecumenical_altar_mp_highgroup
D:2:      layout_rooms, serial_co_window_serial, co_window_paths_a,
          co_window_cross_1, co_window_of_opportunity_a, co_window_paths_a,
          co_window_paths_a, co_window_paths_a, co_window_paths_a,
          co_window_paths_c, co_window_2corner, co_window_broadway_a,
          co_window_unsneaky_path_c, co_window_2corner, co_window_broadway_c,
          co_window_4corner_b, glass_columns_c, glass_columns_b,
          glass_columns_a, hex_tiny
D:3:      layout_basic, mainiacjoe_overflow_cross_hatched, serial_shops,
          nicolae_lakefront_shop, kennysheep_generic_room_14
D:4:      layout_cave_pools, yredelemnul_altar_generic, lemuel_tele_altar,
          minitemple, serial_shops, nicolae_shop_statue_plus,
          kennysheep_generic_room_11, uniq_pikel
D:5:      layout_basic, gup_sewer_entry_bowl

Notes
Turn   | Place    | Note
-------+----------+-------------------------------------------
     0 | D:1      | cforsyth the Djinni Hexslinger began the quest for the Orb.
     0 | D:1      | cforsyth set off with the following spells memorised:
                  | Jinxbite, Sigil of Binding, Inner Flame, Cause Fear,
                  | Dimensional Bullseye.
     0 | D:1      | Reached XP level 1. HP: 17/17 MP: 0/0
    95 | D:1      | Reached XP level 2. HP: 22/22 MP: 0/0
   168 | D:1      | Reached skill level 3 in Spellcasting
   168 | D:1      | Reached skill level 3 in Conjurations
   168 | D:1      | Reached skill level 3 in Hexes
   168 | D:1      | Reached skill level 3 in Summonings
   168 | D:1      | Reached skill level 3 in Necromancy
   168 | D:1      | Reached skill level 3 in Translocations
   168 | D:1      | Reached skill level 3 in Fire Magic
   168 | D:1      | Reached skill level 3 in Ice Magic
   168 | D:1      | Reached skill level 3 in Air Magic
   168 | D:1      | Reached skill level 3 in Earth Magic
   168 | D:1      | Reached skill level 3 in Alchemy
   237 | D:1      | Reached skill level 2 in Fighting
   237 | D:1      | Reached XP level 3. HP: 28/28 MP: 0/0
   237 | D:1      | Learned a level 1 spell: Shock
   301 | D:1      | Found a faded altar of an unknown god.
   384 | D:1      | Prayed at the altar of an unknown god.
   384 | D:1      | Became a worshipper of Dithmenos the Shadowed
   384 | D:1      | Reached * piety under Dithmenos
   867 | D:2      | Reached XP level 4. HP: 32/34 MP: 0/0
  1433 | D:3      | Found Ritaxocavy's Antique Armour Emporium.
  1544 | D:3      | Found a burning altar of Makhleb.
  1694 | D:3      | Identified the +8 hand axe of Ubeatz {pain, *Corrode rN++
                  | Str-5 Dex+8}
  2303 | D:4      | Found a basalt altar of Yredelemnul.
  2330 | D:4      | Noticed Pikel
  2330 | D:4      | Noticed a lemure
  2330 | D:4      | Noticed a lemure
  2330 | D:4      | Noticed a lemure
  2332 | D:4      | Noticed a lemure
  2336 | D:4      | Killed a lemure
  2336 | D:4      | Killed a lemure
  2336 | D:4      | Killed a lemure
  2341 | D:4      | Killed Pikel
  2342 | D:4      | Reached skill level 5 in Fighting
  2342 | D:4      | Reached skill level 4 in Spellcasting
  2342 | D:4      | Reached skill level 4 in Conjurations
  2342 | D:4      | Reached skill level 4 in Hexes
  2342 | D:4      | Reached skill level 4 in Summonings
  2342 | D:4      | Reached skill level 4 in Necromancy
  2342 | D:4      | Reached skill level 4 in Translocations
  2342 | D:4      | Reached skill level 4 in Fire Magic
  2342 | D:4      | Reached skill level 4 in Ice Magic
  2342 | D:4      | Reached skill level 4 in Air Magic
  2342 | D:4      | Reached skill level 4 in Earth Magic
  2342 | D:4      | Reached skill level 4 in Alchemy
  2342 | D:4      | Reached XP level 5. HP: 9/43 MP: 0/0
  2342 | D:4      | Learned a level 2 spell: Static Discharge
  2342 | D:4      | Reached XP level 6. HP: 10/49 MP: 0/0
  2342 | D:4      | Reached XP level 7. HP: 11/54 MP: 0/0
  2342 | D:4      | Learned a level 3 spell: Dazzling Flash
  2504 | D:4      | Reached skill level 5 in Spellcasting
  2504 | D:4      | Reached skill level 5 in Conjurations
  2504 | D:4      | Reached skill level 5 in Hexes
  2504 | D:4      | Reached skill level 5 in Summonings
  2504 | D:4      | Reached skill level 5 in Necromancy
  2504 | D:4      | Reached skill level 5 in Translocations
  2504 | D:4      | Reached skill level 5 in Fire Magic
  2504 | D:4      | Reached skill level 5 in Ice Magic
  2504 | D:4      | Reached skill level 5 in Air Magic
  2504 | D:4      | Reached skill level 5 in Earth Magic
  2504 | D:4      | Reached skill level 5 in Alchemy
  2617 | D:4      | Reached XP level 8. HP: 57/61 MP: 0/0
  2637 | D:4      | Reached skill level 6 in Fighting
  2836 | D:4      | Found a white marble altar of Elyvilon.
  2915 | D:4      | Reached ** piety under Dithmenos
  3088 | D:4      | Found Gurigaa's Weapon Emporium.
  3204 | D:4      | Found a sacrificial altar of Ru.
  3204 | D:4      | Found a snail-covered altar of Cheibriados.
  3204 | D:4      | Found a stormy altar of Qazlal.
  3204 | D:4      | Found an opulent altar of Gozag.
  3206 | D:4      | Found a glowing golden altar of the Shining One.
  3208 | D:4      | Found a bloodstained altar of Trog.
  3316 | D:5      | Entered Level 5 of the Dungeon
  3417 | D:5      | Slain by an iguana

Vanquished Creatures
  Pikel (D:4)
  A sky beast (D:4)
  An ogre (D:4)
  A phantom (D:5)
  3 lemures (D:4)
  A howler monkey (D:4)
  A hound (D:4)
  2 iguanas
  A sleepcap (D:5)
  3 adders
  A gnoll (D:1)
  3 dart slugs
  8 orcs (D:4)
  4 bats
  7 endoplasms
  A giant cockroach (D:1)
  8 hobgoblins
  3 jackals (D:3)
  2 quokkas
  3 ball pythons
  4 frilled lizards
  5 goblins
  6 kobolds
  4 rats
74 creatures vanquished.

Table legend: (Time is in decaauts)
 A = Elapsed time spent in this place.
 B = Non-inter-level travel time spent in this place.
 C = Inter-level travel time spent in this place.
 D = Time resting spent in this place.
 E = Time spent auto-exploring this place.
 F = Levels seen in this place.
 G = Mean time per level.
                   A        B        C        D        E       F      G
               +--------+--------+--------+--------+--------+-----+--------+
         Total |   3432 |   3324 |    108 |    166 |   2691 |   5 |  686.4 |
       Dungeon |   3432 |   3324 |    108 |    166 |   2691 |   5 |  686.4 |
               +--------+--------+--------+--------+--------+-----+--------+

Top non-repeatable levels by time:
     D:3: 1025 daAuts
     D:4: 884 daAuts
     D:2: 846 daAuts
     D:1: 575 daAuts
     D:5: 100 daAuts

Table legend:
 A = Non-vault XP
 B = Vault XP
 C = Vault XP percentage of total XP
 D = Non-vault monster count
 E = Vault monster count
 F = Vault count percentage of total count
                 A         B        C        D         E       F
            +---------+---------+-------+---------+---------+-------
      Total |     735 |     609 |  45.3 |      69 |       2 |   2.8
            +---------+---------+-------+---------+---------+-------
        D:1 |      57 |       0 |   0.0 |      27 |       0 |   0.0
        D:2 |      14 |       0 |   0.0 |       9 |       0 |   0.0
        D:3 |      35 |       2 |   5.4 |      12 |       1 |   7.7
        D:4 |     416 |     607 |  59.3 |      16 |       1 |   5.9
        D:5 |     213 |       0 |   0.0 |       5 |       0 |   0.0
            +---------+---------+-------+---------+---------+-------
